Selects Special Operations Battlegroup
Selects M29 Weasel with M1 Pack Howitzer
M29 Weasel with M1 Pack Howitzer
Construct Medical Station
Selects P-47 Anti-Infantry Loiter
Selects M4A1 Sherman Whizbang
Construct Weapon Support Center
Advanced Air Reconnaissance
M3 Armored Personnel Carrier
Grasshopper High-Altitude Recon Run
Selects SSF Commando Squad
Grasshopper High-Altitude Recon Run
P-47 Anti-Infantry Loiter
Selects Air Re-supply Operation
P-47 Anti-Infantry Loiter
M18 Hellcat Tank Destroyer
P-47 Anti-Infantry Loiter
M18 Hellcat Tank Destroyer
Grasshopper High-Altitude Recon Run